 Dungeon Crawl Stone Soup version 0.30-a0-1016-gfb0d676c02 (webtiles) character file.

Game seed: 15087329940753487958

263 juan097 the Sneak (level 5, -2/21 HPs)
             Began as a Felid Air Elementalist on Apr 6, 2023.
             Succumbed to a scorpion's poison
             ... on level 5 of the Dungeon.
             The game lasted 00:14:15 (4779 turns).

juan097 the Sneak (Felid Air Elementalist)          Turns: 4779, Time: 00:14:16

Health: -2/21      AC:  2    Str:  3    XL:     5   Next: 97%
Magic:  6/10       EV: 19    Int: 17    God:
Gold:   217        SH:  5    Dex: 21    Spells: 0/10 levels left
                                        Lives:  0   Deaths: 1

rFire   + . .      SeeInvis +    (weapon unavailable)
rCold   + . .      Faith    .    (shield unavailable)
rNeg    . . .      Spirit   .    (body armour unavailable)
rPois   +          Reflect  +    (helmet unavailable)
rElec   +          Rampage  .    (cloak unavailable)
rCorr   +                        (gloves unavailable)
Will    .....                    (boots unavailable)
Stlth   +++                      i - amulet of reflection
HPRegen 0.23/turn                (no ring)
MPRegen 0.12/turn                (no ring)

@: lethally poisoned (-2 -> -14), resistant, quick
A: very small, claws 1, fangs 3, see invisible, speed 1, shaggy fur 2, stealthy
paws, no weapons or thrown items, no armour, multi-lived, agile 1
a: no special abilities


You were on level 5 of the Dungeon.
You visited 1 branch of the dungeon, and saw 5 of its levels.

You collected 217 gold pieces.

Inventory:

Jewellery
 i - an amulet of reflection (around neck)
Scrolls
 c - a scroll of fog {unknown}
 d - 4 scrolls of identify {unknown}
 f - 3 scrolls of magic mapping {unknown}
 h - 5 scrolls of teleportation {unknown}
 k - a scroll of noise {unknown}
Potions
 a - 2 potions of magic
 e - a potion of lignification {unknown}
 g - a potion of resistance
 j - 2 potions of curing {unknown}
 l - a potion of brilliance {unknown}
 m - a potion of heal wounds {unknown}
 n - a potion of invisibility {unknown}


   Skills:
 + Level 3.5 Dodging
 + Level 4.7 Stealth
 - Level 3.0 Spellcasting
 - Level 4.0 Conjurations
 + Level 4.2 Air Magic


You couldn't memorise any spells.
You knew the following spells:

 Your Spells              Type           Power      Damage    Failure   Level
a - Shock                 Conj/Air       64%        1d7       3%          1
b - Static Discharge      Conj/Air       32%        2-4/arc   4%          2
c - Swiftness             Air            16%        N/A       10%         3
d - Airstrike             Air            8%         2d(2-18)  30%         4

Your spell library contained the following spells:

 Spells                   Type           Power      Damage    Failure   Level
 Slow                     Hex            8%         N/A       17%         1
 Confusing Touch          Hex            2%         N/A       45%         3
 Vampiric Draining        Necr           2%         2d6       45%         3
 Flame Wave               Conj/Fire      9%         2d6       58%         4
 Freezing Cloud           Conj/Ice/Air   5%         6-21      85%         5
 Fireball                 Conj/Fire      4%         3d4       91%         5
 Irradiate                Conj/Tmut      4%         3d13      91%         5


Dungeon Overview and Level Annotations

Branches:
Dungeon (5/15)
 Temple: D:4-7

Altars:
Ashenzari
Kikubaaqudgha
Uskayaw

Annotations:
D:3 Grinder
D:4 Blork the orc, Duvessa, Pikel


Innate Abilities, Weirdness & Mutations

You have sharp claws.
You have razor-sharp teeth.
You have supernaturally acute eyesight. (SInv)
You cover ground quickly. (Speed+)
You are covered in thick fur. (AC +2)
Your paws help you pounce on unaware monsters.
You are incapable of wielding weapons or throwing items.
You cannot wear armour.
You gain extra lives every three experience levels.
You are agile. (Dex +4, Str/Int -1)


Message History

You are poisoned.
The scorpion poisons you!
Casting: Shock (safe; 3% risk of failure)
Confirm with . or Enter, or press ? or * to list all spells.
The scorpion is struck by an arc of lightning.
The scorpion is moderately wounded.
You are struck by an arc of lightning.
The scorpion is struck by an arc of lightning.
The scorpion is heavily wounded.
The lightning grounds out.
You feel very sick. You block the scorpion's attack.
You feel sick. The scorpion completely misses you. x2
Casting: Static Discharge (safe; 4% risk of failure)
Confirm with . or Enter, or press ? or * to list all spells.
The scorpion is struck by an arc of lightning.
The scorpion is severely wounded.
You are struck by an arc of lightning.
The scorpion is struck by an arc of lightning.
The scorpion is almost dead.
You are struck by an arc of lightning.
The lightning grounds out.
* * * LOW HITPOINT WARNING * * *
You feel sick.
The scorpion stings you but does no damage.
* * * LOW HITPOINT WARNING * * *
You feel sick. The scorpion misses you.
* * * LOW HITPOINT WARNING * * *
You feel sick.
* * * LOW HITPOINT WARNING * * *
You feel sick.
It was a potion of mutation.
You feel extremely strange.
You feel agile.
* * * LOW HITPOINT WARNING * * *
You feel sick. The scorpion stings you.
* * * LOW HITPOINT WARNING * * *
You are more poisoned.
The scorpion poisons you!
It was a potion of resistance.
You feel protected.
You die...

......# #.....#
#>....# #.....#
#.....# . #..(.#
.. #....## #..
##.s...###
#...####..@.....##
#....#.....?....#
#..........###.#
##..<<)..### #
##....### #.####
#. #. #.


You could see a scorpion.

Vanquished Creatures
  Menkaure (D:4)
  A vampire bat (D:3)
  2 orc priests (D:4)
  A jelly (D:4)
  5 adders
  5 gnolls
  A river rat (D:4)
  2 worms (D:3)
  2 dart slugs (D:2)
  3 orcs (D:4)
  3 bat skeletons (D:3)
  3 bat zombies (D:3)
  6 endoplasms
  4 giant cockroaches
  6 goblins
  4 hobgoblins
  10 jackals
  6 kobolds
  A quokka (D:1)
  10 ball pythons
  A bat (D:1)
  4 frilled lizards
  5 rats (D:1)
86 creatures vanquished.

Notes
Turn   | Place    | Note
-------+----------+-------------------------------------------
     0 | D:1      | juan097 the Felid Air Elementalist began the quest for the
                  | Orb.
     0 | D:1      | Reached XP level 1. HP: 7/7 MP: 4/4
    20 | D:1      | Reached skill level 1 in Conjurations
   182 | D:1      | Reached XP level 2. HP: 11/11 MP: 0/6
   246 | D:1      | Learned a level 2 spell: Static Discharge
   943 | D:1      | Reached XP level 3. HP: 14/14 MP: 2/7
  1020 | D:1      | Learned a level 3 spell: Swiftness
  1665 | D:2      | Found a broken altar of Ashenzari.
  2000 | D:2      | Found the +8 trident of the Octopus King {venom, rElec
                  | rPois}
  2119 | D:2      | Reached XP level 4. HP: 16/18 MP: 3/8
  3078 | D:3      | Reached XP level 5. HP: 20/21 MP: 4/9
  3124 | D:3      | Found an ancient bone altar of Kikubaaqudgha.
  3420 | D:3      | Found a hide-covered altar of Uskayaw.
  3567 | D:3      | Noticed Grinder
  3930 | D:3      | Got Ypeed's Handbook of Red-Hot Confrontation
  4002 | D:4      | Noticed Duvessa
  4047 | D:4      | Noticed Menkaure
  4190 | D:4      | Killed Menkaure
  4191 | D:4      | Gained mutation: You are covered in thick fur. (AC +2)
                  | [Felid growth]
  4191 | D:4      | Reached XP level 6. HP: 7/24 MP: 0/11
  4198 | D:3      | Learned a level 4 spell: Airstrike
  4306 | D:4      | Killed from afar by an orc priest
  4307 | D:4      | Reached XP level 5. HP: -7/21 MP: 1/10
  4464 | D:4      | Noticed Blork the orc
  4516 | D:4      | Noticed a lemure
  4708 | D:4      | Noticed a lemure
  4715 | D:4      | Noticed Pikel
  4715 | D:4      | Noticed a lemure
  4715 | D:4      | Noticed a lemure
  4765 | D:5      | Entered Level 5 of the Dungeon
  4778 | D:5      | Gained mutation: You are agile. (Dex +4, Str/Int -1)
                  | [potion of mutation]
  4778 | D:5      | HP: 1/21 [scorpion (1)]
  4779 | D:5      | Succumbed to a scorpion's poison

Illustrated notes

Levels and vault maps discovered:
D:1:      dpeg_arrival_morbid_curiosity, layout_loops_corners
D:2:      layout_loops_ring, basic_altar, minmay_mini_jars
D:3:      layout_loops_cross, kennysheep_vampire_church,
          nicolae_uskayaw_dance_hall, nicolae_concentric_dashed_squares_mild,
          uniq_grinder
D:4:      layout_cave_pods, cheibrodos_sewer_entry_sluice, uniq_blork_the_orc,
          uniq_duvessa, uniq_menkaure, uniq_pikel
D:5:      layout_layer_cave, mainiacjoe_overflow_surrounded_room,
          mainiacjoe_overflow_boulevard, minmay_temple_entry_overgrown,
          serial_bayou_pond_a, hangedman_glass_teeth, uniq_sigmund

Skill      XL: |  1  2  3  4  5  6 |
---------------+-------------------+-----
Conjurations   | 1 2 4 |  4.0
Stealth        | 3 4 |  4.7
Air Magic      | 3 4 |  4.2
Spellcasting   | 3 |  3.0
Dodging        | 3 |  3.5

Action                     |  1- 3 |  4- 6 || total
---------------------------+-------+-------++-------
  Melee: Unarmed           |    10 |    20 ||    30
         Bite              |       |     2 ||     2
   Cast: Shock             |    75 |    91 ||   166
         Static Discharge  |     1 |    23 ||    24
    Use: Potion            |       |     2 ||     2
   Stab: Sleeping          |     1 |     4 ||     5
 Armour: Skin              |     1 |     7 ||     8
  Dodge: Dodged            |    34 |    75 ||   109
  Block: Other             |     2 |    25 ||    27

Table legend: (Time is in decaauts)
 A = Elapsed time spent in this place.
 B = Non-inter-level travel time spent in this place.
 C = Inter-level travel time spent in this place.
 D = Time resting spent in this place.
 E = Time spent auto-exploring this place.
 F = Levels seen in this place.
 G = Mean time per level.
                   A        B        C        D        E       F      G
               +--------+--------+--------+--------+--------+-----+--------+
         Total |   4209 |   4120 |     89 |    210 |   3095 |   5 |  841.8 |
       Dungeon |   4209 |   4120 |     89 |    210 |   3095 |   5 |  841.8 |
               +--------+--------+--------+--------+--------+-----+--------+

Top non-repeatable levels by time:
     D:1: 1474 daAuts
     D:3: 1434 daAuts
     D:2: 853 daAuts
     D:4: 434 daAuts
     D:5: 12 daAuts
